 Dungeon Crawl Stone Soup version 0.29-a0-96-g93358da72b (webtiles) character file.

Game seed: 17796857915831406381

4 innerfire433 the Skirmisher (level 1, -2/18 HPs)
             Began as a Demonspawn Monk on Feb 12, 2022.
             Slain by a jackal (3 damage)
             ... on level 1 of the Dungeon.
             The game lasted 00:00:12 (102 turns).

innerfire433 the Skirmisher (Demonspawn Monk)        Turns: 102, Time: 00:00:13

Health: -2/18      AC:  2    Str: 11    XL:     1   Next: 50%
Magic:  1/1        EV: 13    Int: 11    God:
Gold:   0          SH:  0    Dex: 15    Spells: 0/0 levels left

rFire   . . .      SeeInvis .   a - +0 mace
rCold   . . .      Faith    .   (no shield)
rNeg    . . .      Spirit   .   b - +0 robe
rPois   .          Reflect  .   (no helmet)
rElec   .          Harm     .   (no cloak)
rCorr   .          Rampage  .   (no gloves)
Will    .....                   (no boots)
Stlth   ++........              (no amulet)
HPRegen 0.06/turn               (no ring)
MPRegen 0.07/turn               (no ring)

@: no status effects
A: no striking features
a: no special abilities


You were on level 1 of the Dungeon.
You visited 1 branch of the dungeon, and saw 1 of its levels.

Inventory:

Hand Weapons
 a - a +0 mace (weapon)
Armour
 b - a +0 robe (worn)
Potions
 c - a potion of curing {unknown}


   Skills:
 + Level 3.0 Fighting
 + Level 2.7 Maces & Flails
 + Level 2.7 Dodging
 + Level 1.9 Stealth


You couldn't memorise any spells.
You didn't know any spells.
Your spell library was empty.

Dungeon Overview and Level Annotations

Branches:
Dungeon (1/15)

Altars:


Message History

The jackal closely misses you.
You hit the jackal but do no damage. The jackal bites you.
You barely miss the jackal. The jackal bites you. The jackal misses you.
You hit the jackal.
The jackal is heavily wounded.
The jackal closely misses you. The jackal barely misses you.
The jackal misses you.
You hit the jackal.
You kill the jackal!
The jackal closely misses you. The jackal misses you.
You closely miss the jackal.
The jackal bites you but does no damage.
The jackal closely misses you. x2
You barely miss the jackal. Your punch misses the jackal.
The jackal misses you. The jackal barely misses you.
The jackal completely misses you. The jackal closely misses you.
You barely miss the jackal. The jackal bites you. The jackal barely misses you.
The jackal bites you.
You closely miss the jackal.
The jackal misses you. x2; The jackal bites you.
The jackal barely misses you.
You closely miss the jackal. The jackal misses you.
The jackal bites you but does no damage.
The jackal closely misses you.
You completely miss the jackal. The jackal bites you.
The jackal closely misses you. The jackal completely misses you.
The jackal closely misses you.
You hit the jackal but do no damage. The jackal bites you. x2
* * * LOW HITPOINT WARNING * * *
The jackal closely misses you.
You closely miss the jackal. The jackal bites you.
* * * LOW HITPOINT WARNING * * *
The jackal closely misses you. The jackal bites you.
* * * LOW HITPOINT WARNING * * *
The jackal misses you. The jackal closely misses you. The jackal bites you.
* * * LOW HITPOINT WARNING * * *
The jackal bites you but does no damage.
You hit the jackal but do no damage. The jackal closely misses you.
The jackal barely misses you. The jackal bites you.
You die...

... ... ..) .. .. ..#
.......#.## #.#
.##...#...# #.#
.##..#..#.######.##
....#..........hK.#
#..#.........###hh###...
†##..##.........@.......
.##..##......##..#######
#..#.........##..####
....#..(##.....>....#
.##..#..##.####..##.#
.##...#..#.# #..# #
.......#...# #..#
.##...####.# ...#
....... .... ....


You could see 3 jackals and a kobold.

Vanquished Creatures
  An endoplasm (D:1)
  A hobgoblin (D:1)
  A jackal (D:1)
3 creatures vanquished.

Notes
Turn   | Place    | Note
-------+----------+-------------------------------------------
     0 | D:1      | innerfire433 the Demonspawn Monk began the quest for the
                  | Orb.
     0 | D:1      | Reached XP level 1. HP: 18/18 MP: 1/1
   102 | D:1      | Slain by a jackal

Illustrated notes

Levels and vault maps discovered:
D:1:      psy_arrival_terrarium, layout_loops_ring, minivault_26

Action                   || total
-------------------------++-------
Melee: Mace              ||    18
       Punch             ||     1
 Stab: Sleeping          ||     2
Armor: Robe              ||     3
Dodge: Dodged            ||    31

Table legend: (Time is in decaauts)
 A = Elapsed time spent in this place.
 B = Non-inter-level travel time spent in this place.
 C = Inter-level travel time spent in this place.
 D = Time resting spent in this place.
 E = Time spent auto-exploring this place.
 F = Levels seen in this place.
 G = Mean time per level.
                   A        B        C        D        E       F      G
               +--------+--------+--------+--------+--------+-----+--------+
         Total |    106 |    106 |      0 |      0 |     63 |   1 |  106.0 |
       Dungeon |    106 |    106 |      0 |      0 |     63 |   1 |  106.0 |
               +--------+--------+--------+--------+--------+-----+--------+

Top non-repeatable levels by time:
     D:1: 106 daAuts
